Selects Airborne Battlegroup
Selects Heavy Machine Gun Paradrop
Selects Paratrooper Squad Paradrop
Paratrooper Squad Paradrop
Selects Anti-tank Gun Team Paradrop
Anti-tank Gun Team Paradrop
Anti-tank Gun Team Paradrop
Construct Medical Station
M1918 Browning Automatic Rifles
Heavy Machine Gun Paradrop
Selects Carpet Bombing Run
M4(105) Sherman Bulldozer
M18 Hellcat Tank Destroyer
Paratrooper Squad Paradrop